 Dungeon Crawl Stone Soup version 0.31.0-11-ge490571c62 (webtiles) character file.

Game seed: 5947859150354513347

465 qw the Shooter (level 6, -3/30 HPs)
             Began as a Spriggan Hunter on Feb 3, 2024.
             Slain by a hound (4 damage)
             ... on level 5 of the Dungeon.
             The game lasted 00:00:11 (3156 turns).

qw the Shooter (Spriggan Hunter)                    Turns: 3156, Time: 00:00:11

Health: -3/30      AC:  2    Str:  7    XL:     6   Next: 80%
Magic:  7/7        EV: 21    Int: 11    God:
Gold:   190        SH:  0    Dex: 20    Spells: 5/5 levels left

rFire   . . .        a - +0 shortbow
rCold   . . .        (shield currently unavailable)
rNeg    . . .        c - +0 robe
rPois   .            (helmet restricted)
rElec   .            (no cloak)
rCorr   .            (gloves unavailable)
SInv    +            (boots unavailable)
Will    +....        (no amulet)
Stlth   ++           (no ring)
HPRegen 0.25/turn    (no ring)
MPRegen 0.10/turn

%: no passive effects
@: about to teleport, weakened, very quick
A: very small, no large weapons, unfitting armour, see invisible, speed 3
a: no special abilities


You were on level 5 of the Dungeon.
You visited 1 branch of the dungeon, and saw 5 of its levels.

You collected 190 gold pieces.


Innate Abilities, Weirdness & Mutations

You are very small and have problems with some larger weapons.
You are too small for most types of armour.
You have supernaturally acute eyesight. (SInv)
You cover ground extremely quickly. (Speed+++)


   Skills:
 - Level 2.0 Fighting
 + Level 6.9 Ranged Weapons
 - Level 6.0 Dodging
 - Level 1.5 Stealth


You had 5 spell levels left.
You didn't know any spells.
Your spell library was empty.

Inventory:

Hand Weapons
 a - a +0 shortbow (weapon)
Armour
 c - a +0 robe (worn)
Wands
 e - a wand of digging (9)
Scrolls
 b - 2 scrolls of teleportation
Potions
 d - a potion of might
 h - a potion of enlightenment {unknown}

Dungeon Overview and Level Annotations

Branches:
Dungeon (5/15)
 Temple: D:4-7

Altars:
Ashenzari
Elyvilon
Nemelex Xobeh
Qazlal


Message History

The orc priest is moderately wounded.
Your surroundings suddenly seem different.
A hound, a gnoll bouda and 4 gnolls come into view.
The hound barks!
The gnoll misses you.
The gnoll bouda gazes fiercely through you!
You feel your attacks grow feeble.
The gnoll shouts! x2
3149 ||| RETREEEEATING.
You shoot an arrow. The gnoll shouts!
The arrow hits the gnoll.
The gnoll is moderately wounded.
The gnoll bouda barks out a call to the hunt!
The gnolls pick up the pace!
You shoot an arrow. The arrow hits the gnoll.
The gnoll is severely wounded.
The gnoll misses you.
You shoot an arrow. The arrow closely misses the gnoll.
The arrow barely misses the gnoll bouda.
The gnoll completely misses you.
You shoot an arrow. The arrow misses the hound.
The hound misses you. The gnoll barely misses you.
The gnoll bouda calls upon its god to heal the gnoll.
The gnoll is healed somewhat.
The gnoll hits you with a +0 whip.
You shoot an arrow. The arrow barely misses the hound.
The hound completely misses you. The gnoll misses you.
The gnoll barely misses you.
The gnoll bouda gazes fiercely through you!
You feel as though you will be weak longer.
The hound completely misses you. The gnoll misses you. x2
You shoot an arrow. The arrow closely misses the hound.
The hound bites you. The gnoll completely misses you.
The gnoll hits you with a +0 whip. The hound misses you.
The gnoll hits you with a +0 whip.
3156 ||| READING 3 scrolls of teleportation.
As you read the scroll of teleportation, it crumbles to dust.
You feel strangely unstable. The gnoll closely misses you. The hound bites you.
You die...

#.......#
#.......+
.
#.......#
.
#.......#
.
#.......#
.
#g......#
.
#gg.....#
#gh.....#
#@g.....#
####+##..
. . . # #
#


You could see a gnoll bouda, a hound and 4 gnolls.

Vanquished Creatures
  An ice beast (D:5)
  A phantom (D:4)
  A scorpion (D:5)
  A bombardier beetle (D:3)
  A jelly (D:5)
  An orc wizard (D:5)
  9 adders
  2 dart slugs (D:2)
  3 orcs
  3 ball pythons
  4 bats
  6 endoplasms
  8 giant cockroaches
  9 hobgoblins
  2 jackals (D:3)
  3 quokkas
  2 frilled lizards
  5 goblins
  6 kobolds
  A rat (D:3)
69 creatures vanquished.

Notes
Turn   | Place    | Note
-------+----------+-------------------------------------------
     0 | D:1      | qw the Spriggan Hunter began the quest for the Orb.
     0 | D:1      | Reached XP level 1. HP: 10/10 MP: 2/2
     0 | D:1      | 0 ||| qw: Version: 0.3-a-157-g843a77d
     0 | D:1      | 0 ||| qw: Game counter: 3870
     0 | D:1      | 0 ||| qw: Melee chars always use a shield: true
     0 | D:1      | 0 ||| qw: God list: Okawaru
     0 | D:1      | 0 ||| qw: Allow faded altars: false
     0 | D:1      | 0 ||| qw: Do Orc after clearing Dungeon:15 true
     0 | D:1      | 0 ||| qw: Do second Lair branch before Depths: true
     0 | D:1      | 0 ||| qw: Lair rune preference: random
     0 | D:1      | 0 ||| qw: Goals: Normal
     0 | D:1      | 0 ||| PLANNING D:1-11
   131 | D:1      | Reached skill level 3 in Dodging
   185 | D:1      | Reached XP level 2. HP: 14/14 MP: 3/3
   527 | D:1      | 527 ||| READING scroll labelled IFFYFE ECHYOFOTOCS.
   628 | D:1      | 628 ||| READING scroll labelled KIDEISM WUPREZ.
   629 | D:1      | 629 ||| READING scroll labelled URROFIZINO.
   630 | D:1      | 630 ||| DROPPING scroll of butterflies.
   691 | D:2      | HP: 3/14 [poisoned by an adder]
   693 | D:2      | Reached XP level 3. HP: 3/18 MP: 4/4
  1088 | D:2      | Reached XP level 4. HP: 22/22 MP: 5/5
  1421 | D:2      | 1421 ||| READING scroll labelled HAOXKAITRA.
  1421 | D:2      | 1421 ||| IDENTIFYING murky coppery potion
  1422 | D:2      | 1422 ||| READING scroll labelled IBAC WAEKUA.
  1465 | D:2      | 1465 ||| READING scroll labelled KETHRU TEGAFEOJ.
  1467 | D:2      | 1467 ||| Stepping ~*~*~tactically~*~*~ (cloud).
  1472 | D:2      | HP: 5/22 [poisoned by you (poison gas)]
  1476 | D:2      | HP: 2/22 [poisoned by you (poison gas)]
  1813 | D:3      | Found a stormy altar of Qazlal.
  1813 | D:3      | Found a broken altar of Ashenzari.
  1813 | D:3      | Found a white marble altar of Elyvilon.
  1815 | D:3      | Found a sparkling altar of Nemelex Xobeh.
  2150 | D:3      | 2150 ||| READING 5 scrolls labelled YREOSH XOWI.
  2155 | D:3      | 2155 ||| READING scroll labelled XOAL QETIGEU.
  2155 | D:3      | 2155 ||| ENCHANTING +0 shortbow.
  2228 | D:4      | Reached XP level 5. HP: 25/26 MP: 6/6
  2452 | D:4      | 2452 ||| FLEEEEING.
  2453 | D:4      | 2453 ||| FLEEEEING.
  2454 | D:4      | 2454 ||| FLEEEEING.
  2489 | D:4      | Noticed a phantom
  2501 | D:4      | Killed a phantom
  2717 | D:4      | Reached skill level 6 in Ranged Weapons
  2798 | D:4      | 2798 ||| READING scroll labelled ZEELASSIGY.
  2899 | D:4      | 2899 ||| DRINKING 2 purple potions.
  2934 | D:5      | Entered Level 5 of the Dungeon
  3003 | D:5      | Reached skill level 6 in Dodging
  3003 | D:5      | Reached XP level 6. HP: 23/30 MP: 7/7
  3056 | D:5      | Noticed an ice beast
  3065 | D:5      | Killed an ice beast
  3144 | D:5      | HP: 4/30 [orc priest/divine providence (10)]
  3145 | D:5      | 3145 ||| READING 4 scrolls of teleportation.
  3146 | D:5      | 3146 ||| DRINKING potion of heal wounds.
  3149 | D:5      | 3149 ||| RETREEEEATING.
  3155 | D:5      | HP: 7/30 [hound (5)]
  3155 | D:5      | HP: 2/30 [gnoll/+0 whip[a gnoll bouda] (5)]
  3156 | D:5      | 3156 ||| READING 3 scrolls of teleportation.
  3156 | D:5      | Slain by a hound

Levels and vault maps discovered:
D:1:      wander_arrival_desolate, layout_loops_ring
D:2:      layout_basic
D:3:      layout_basic, chequers_temple_overflow_statue_of_worship
D:4:      layout_basic
D:5:      layout_basic

Skill      XL: |  1  2  3  4  5 |
---------------+----------------+-----
Dodging        | 3 4 5 6 |  6.0
Ranged Weapons | 5 6 |  6.9
Fighting       | 2 |  2.0
Stealth        | |  1.5

Action                     |  1- 3 |  4- 6 || total
---------------------------+-------+-------++-------
   Fire: Shortbow          |    86 |   153 ||   239
    Use: Scroll            |     3 |     8 ||    11
         Potion            |       |     2 ||     2
 Armour: Robe              |    12 |    29 ||    41
  Dodge: Dodged            |    32 |    66 ||    98

Table legend:
 A = Non-vault XP
 B = Vault XP
 C = Vault XP percentage of total XP
 D = Non-vault monster count
 E = Vault monster count
 F = Vault count percentage of total count
                 A         B        C        D         E       F
            +---------+---------+-------+---------+---------+-------
      Total |     665 |       0 |   0.0 |      69 |       0 |   0.0
            +---------+---------+-------+---------+---------+-------
        D:1 |      23 |       0 |   0.0 |      14 |       0 |   0.0
        D:2 |      86 |       0 |   0.0 |      20 |       0 |   0.0
        D:3 |      71 |       0 |   0.0 |      13 |       0 |   0.0
        D:4 |     178 |       0 |   0.0 |      15 |       0 |   0.0
        D:5 |     307 |       0 |   0.0 |       7 |       0 |   0.0
            +---------+---------+-------+---------+---------+-------
